 Dungeon Crawl Stone Soup version 0.29-a0-838-g385bb11a5b (webtiles) character file.

Game seed: 16753540712455465396

888 spaghetti the Grave Robber (level 8, -8/58 HPs)
             Began as a Gnoll Necromancer on July 13, 2022.
             Mangled by a gnoll sergeant
             ... wielding a +6 vampiric trident
              (9 damage)
             ... on level 5 of the Dungeon.
             The game lasted 00:10:08 (5143 turns).

spaghetti the Grave Robber (Gnoll Necromancer)      Turns: 5143, Time: 00:10:08

Health: -8/58      AC:  1    Str:  7    XL:     8   Next: 6%
Magic:  22/25      EV: 14    Int: 19    God:
Gold:   138        SH:  0    Dex: 15    Spells: 13/18 levels left

rFire   . . .      SeeInvis .   y - +4 mace (vorpal) {mace}
rCold   . . .      Faith    .   (no shield)
rNeg    . . .      Spirit   .   a - +0 robe
rPois   .          Reflect  .   (no helmet)
rElec   .          Harm     .   (no cloak)
rCorr   .          Rampage  .   (no gloves)
Will    .....                   (no boots)
Stlth   +++.......              j - amulet of regeneration {@e2}
HPRegen 0.99/turn               d - ring of magical power
MPRegen 0.19/turn               (no ring)

@: lethally poisoned (-8 -> -10), invisible
A: fangs 1, strong nose, distributed training, agile 1, clever 1, deformed body
a: no special abilities


You were on level 5 of the Dungeon.
You visited 1 branch of the dungeon, and saw 5 of its levels.

You collected 138 gold pieces.


Innate Abilities, Weirdness & Mutations

You have very sharp teeth.
Your uncanny sense of smell can sniff out nearby items.
Your experience applies equally to all skills.
You are agile. (Dex +4, Str/Int -1)
Your mind is acute. (Int +4, Str/Dex -1)
Armour fits poorly on your strangely shaped body.


   Skills:
 + Level 3.0 Fighting
 + Level 3.0 Short Blades
 + Level 3.0 Long Blades
 + Level 3.0 Axes
 + Level 3.0 Maces & Flails
 + Level 3.0 Polearms
 + Level 3.0 Staves
 + Level 3.0 Ranged Weapons
 + Level 3.0 Throwing
 + Level 3.0 Armour
 + Level 5.5 Dodging
 + Level 5.2 Stealth
 + Level 3.0 Shields
 + Level 3.0 Unarmed Combat
 + Level 5.9 Spellcasting
 + Level 2.4 Conjurations
 + Level 2.4 Hexes
 + Level 2.4 Summonings
 + Level 7.5 Necromancy
 + Level 2.4 Translocations
 + Level 2.4 Transmutations
 + Level 2.4 Fire Magic
 + Level 2.4 Ice Magic
 + Level 2.4 Air Magic
 + Level 2.4 Earth Magic
 + Level 2.4 Poison Magic
 + Level 3.3 Invocations
 + Level 3.0 Evocations


You had 13 spell levels left.
You knew the following spells:

 Your Spells              Type           Power      Damage    Failure   Level
a - Necrotise             Necr           100%       1d9       1%          1
b - Animate Dead          Necr           34%        N/A       4%          4

Your spell library contained the following spells:

 Spells                   Type           Power      Damage    Failure   Level
 Vampiric Draining        Necr           34%        2d8       1%          3
 Gell's Gravitas          Tloc           15%        N/A       12%         3
 Stone Arrow              Conj/Erth      30%        3d8       12%         3
 Teleport Other           Tloc           15%        N/A       12%         3
 Agony                    Necr           34%        N/A       14%         5
 Animate Armour           Summ/Erth      30%        N/A       38%         4
 Dispersal                Tloc           7%         N/A       99%         6
 Lehudib's Crystal Spear  Conj/Erth      7%         10d3      100%        8

Inventory:

Hand Weapons
 m - a +2 rapier of speed {short}
   (You took it off Eustachio on level 4 of the Dungeon)
 v - a +1 dagger of freezing {short}
   (You took it off a goblin on level 2 of the Dungeon)
 y - a +4 vorpal mace (weapon) {mace}
   (You took it off Robin on level 3 of the Dungeon)
Missiles
 o - 6 boomerangs {throwing}
 p - 25 stones {throwing}
Armour
 a - a +0 robe (worn)
 x - a +1 helmet
   (You took it off Robin on level 3 of the Dungeon)
Magical Staves
 q - a staff of fire {!astaff}
   (You found it on level 2 of the Dungeon)
Jewellery
 d - a ring of magical power (left hand)
   (You found it on level 1 of the Dungeon)
 j - an amulet of regeneration (around neck) {@e2}
   (You found it on level 3 of the Dungeon)
 z - a ring of ice
   (You found it on level 4 of the Dungeon)
 B - a ring of ice
   (You found it on level 4 of the Dungeon)
Wands
 e - a wand of light (5)
   (You found it on level 4 of the Dungeon)
 n - a wand of flame (14)
   (You took it off a kobold on level 4 of the Dungeon)
 r - a wand of paralysis (6)
   (You found it on level 2 of the Dungeon)
Scrolls
 h - a scroll of enchant armour
 t - a scroll of immolation {!r!r}
 w - a scroll of identify {@r1}
 A - 2 scrolls of teleportation {@r4}
 C - a scroll of magic mapping {!r}
 E - a scroll of poison {!r}
Potions
 b - 2 potions of magic
 c - a potion of lignification {!q}
 f - 2 potions of resistance
 g - a potion of might
 i - a potion of invisibility
 k - 2 potions of haste {@q3}
 l - a potion of flight
 s - a potion of degeneration {unknown}
 u - 4 potions of heal wounds {unknown}
 D - a potion of cancellation
 F - a potion of brilliance {unknown}

Dungeon Overview and Level Annotations

Branches:
Dungeon (5/15) Zot: 24845
 Temple: D:4-7

Altars:
Dithmenos
Vehumet
The Shining One

Annotations:
D:5 1 transporter, zeratav's ghost, novice OpVM

#.≈≈≈≈≈≈≈≈≈≈≈≈≈≈≈≈≈≈≈≈≈≈≈≈≈.#
#.≈≈≈≈≈≈≈≈≈≈≈≈≈≈≈≈≈≈≈≈≈≈≈≈≈.###
#.≈≈#####...........#####≈≈....
#.≈≈#...#.###.©.###.#g.g#≈≈.###
#.≈≈#...###g#####©###$.g#≈≈.#
#.≈≈###...............###≈≈.#
#.≈≈.8#.######'######.#8.≈≈.#
#.≈≈.##.#$.W#8gg#.⌠.#.##.≈≈.#
#.≈≈.#gg'$.:#⌠@g....'..#.≈≈.#
#.≈≈.##.#$$=#8..#.⌠.#.##.≈≈.##
#.≈≈.8#.######g######.#8.≈≈..##
#.≈≈###...........g...###≈≈....
#.≈≈#...###.#####.###...#≈≈..##
#.≈≈#...#.###.©.###.#...#≈≈..#
#.≈≈#####...........#####≈≈..#
#.≈≈≈≈≈≈≈≈≈≈≈...≈≈≈≈≈≈≈≈≈≈≈..#
#.≈≈≈≈≈≈≈≈≈≈≈...≈≈≈≈≈≈≈≈≈≈≈..#


You could see a gnoll sergeant (unable to see you) and 3 gnolls.


Message History

Aim: an iguana (almost dead, chance to affect: 88%)
The iguana writhes in agony!
You kill the iguana!
The dead are walking! 😎 MP[-1]
You lost 1 mp, and now have 21/25 mp.
Casting: Necrotise (safe; 1% risk of failure)
Confirm with . or Enter, or press ? or * to list all spells.
You can't see any susceptible monsters within range! (Use Z to cast anyway.)
Casting: Necrotise (safe; 1% risk of failure)
Confirm with . or Enter, or press ? or * to list all spells.
You can't see any susceptible monsters within range! (Use Z to cast anyway.) Key pressed, stopping explore.
Your iguana skeleton crumbles into dust!
The gnoll shouts!
You hear a shout! x3
The gnoll shouts!
You hear a shout!
Key pressed, stopping explore.
The gnoll shouts!
Key pressed, stopping explore.
The gnoll shouts!
You hear a shout! x2
The gnoll shouts!
The gnoll shouts!
The gnoll sergeant shouts!
Key pressed, stopping explore.
Key pressed, stopping explore.
Found a shadowy altar of Dithmenos. 😎 MP[+4]
Your mp is fully restored (25).
Key pressed, stopping explore.
Found a stone staircase leading up.
w - a scroll of identify {@r1} You see here a +4 dagger of venom {short}.
Key pressed, stopping explore.
Partly explored, unvisited transporter and can't reach some items and places.
Partly explored, unvisited transporter and can't reach some items and places.
Partly explored, unvisited transporter and can't reach some items and places.
Partly explored, unvisited transporter and can't reach some items and places.
Partly explored, unvisited transporter and can't reach some items and places.
Partly explored, unvisited transporter and can't reach some items and places.
Partly explored, unvisited transporter and can't reach some items and places.
Partly explored, unvisited transporter and can't reach some items and places.
Unknown command.
There is a stone staircase leading down here.
The gnoll shouts!
The gnoll shouts!
The gnoll shouts!
There is a transporter here.
You enter the transporter and appear at another place.
The gnoll closely misses you.
The gnoll sergeant shouts!
Unknown command.
Casting: Necrotise (safe; 1% risk of failure)
Confirm with . or Enter, or press ? or * to list all spells.
Aiming: Necrotise (safe; 1% risk of failure)
Press: ? - help, Shift-Dir - straight line, f - gnoll
Aim: a gnoll, wielding a +0 spear (chance to affect: 88%)
The gnoll barely resists.
You hear a shout!
The gnoll barely misses you.
You hear a shout! 😎 MP[-1]
You lost 1 mp, and now have 24/25 mp.
Casting: Necrotise (safe; 1% risk of failure)
Confirm with . or Enter, or press ? or * to list all spells.
Aiming: Necrotise (safe; 1% risk of failure)
Press: ? - help, Shift-Dir - straight line, f/p - gnoll
Aim: a gnoll, wielding a +0 spear (chance to affect: 88%)
The gnoll writhes in agony.
You hear a shout! x2
The gnoll sergeant hits you with a +6 vampiric trident!
The gnoll barely misses you.
The gnoll hits you with a +0 flail! 😮 HP[-23] MP[-1]
You take 23 damage, and now have 35/58 hp.
MASSIVE DAMAGE!! (PAUSE)
You lost 1 mp, and now have 23/25 mp.
Casting: Necrotise (safe; 1% risk of failure)
Confirm with . or Enter, or press ? or * to list all spells.
Aiming: Necrotise (safe; 1% risk of failure)
Press: ? - help, Shift-Dir - straight line, f/p - gnoll
Aim: a gnoll, wielding a +0 spear (heavily wounded, chance to affect: 88%)
The gnoll writhes in agony.
The gnoll sergeant hits you with a +6 vampiric trident!
* * * LOW HITPOINT WARNING * * *
The gnoll misses you. The gnoll hits you with a +0 flail!
* * * LOW HITPOINT WARNING * * *
😱 HP[-21] MP[-1]
You take 21 damage, and now have 14/58 hp.
MASSIVE DAMAGE!! (PAUSE)
You lost 1 mp, and now have 22/25 mp.
Okay, then.
Okay, then.
You fade into invisibility!
The gnoll hits you with a +0 flail!
* * * LOW HITPOINT WARNING * * *
The gnoll misses you.
The gnoll hits you from afar with a +0 spear of venom.
* * * LOW HITPOINT WARNING * * *
You are lethally poisoned!
The gnoll sergeant hits you with a +6 vampiric trident!
You die...

Skill      XL: |  1  2  3  4  5  6  7 |
---------------+----------------------+-----
Spellcasting   | 5 |  5.9
Invocations    | 1 2 3 |  3.3
Fighting       | 1 2 3 |  3.0
Short Blades   | 1 2 3 |  3.0
Long Blades    | 1 2 3 |  3.0
Axes           | 1 2 3 |  3.0
Maces & Flails | 1 2 3 |  3.0
Polearms       | 1 2 3 |  3.0
Staves         | 1 2 3 |  3.0
Ranged Weapons | 1 2 3 |  3.0
Throwing       | 1 2 3 |  3.0
Armour         | 1 2 3 |  3.0
Shields        | 1 2 3 |  3.0
Unarmed Combat | 1 2 3 |  3.0
Evocations     | 1 2 3 |  3.0
Conjurations   | 1 2 |  2.4
Hexes          | 1 2 |  2.4
Summonings     | 1 2 |  2.4
Translocations | 1 2 |  2.4
Transmutations | 1 2 |  2.4
Fire Magic     | 1 2 |  2.4
Ice Magic      | 1 2 |  2.4
Air Magic      | 1 2 |  2.4
Earth Magic    | 1 2 |  2.4
Poison Magic   | 1 2 |  2.4
Dodging        | 5 |  5.5
Stealth        | 5 |  5.2
Necromancy     | |  7.5

Action                   |  1- 3 |  4- 6 |  7- 9 || total
-------------------------+-------+-------+-------++-------
Melee: Unarmed           |     4 |       |       ||     4
       Dagger            |     1 |     7 |       ||     8
       Bite              |       |     4 |     1 ||     5
       Mace              |       |    17 |    22 ||    39
       Punch             |       |     2 |       ||     2
 Cast: Necrotise         |    73 |    78 |    38 ||   189
Evoke: Wand              |       |       |     5 ||     5
  Use: Potion            |       |     5 |     1 ||     6
       Scroll            |       |     4 |     5 ||     9
 Stab: Sleeping          |       |     2 |     2 ||     4
       Invisible         |       |       |     1 ||     1
Armor: Robe              |     8 |    12 |     2 ||    22
Dodge: Dodged            |    28 |    70 |    35 ||   133

Levels and vault maps discovered:
D:1:      dpeg_cavernosity, layout_rooms, shapermc_ecumenical_altar_rom_forum,
          minmay_heptomino_o4
D:2:      layout_rooms
D:3:      layout_loops_ring, uniq_robin, uniq_natasha
D:4:      layout_loops_corners, vehumet_altar_wand_db, feat_on_display,
          uniq_eustachio
D:5:      layout_loops_ring, lemuel_tele_altar,
          mainiacjoe_overflow_surrounded_room, gammafunk_ghost_gnarly_gnolls,
          uniq_grinder

Notes
Turn   | Place    | Note
-------+----------+-------------------------------------------
     0 | D:1      | spaghetti the Gnoll Necromancer began the quest for the
                  | Orb.
     0 | D:1      | Reached XP level 1. HP: 13/13 MP: 6/6
     0 | D:1      | magus.rc [v1.9.6]
    63 | D:1      | You add the spells Gell's Gravitas, Teleport Other and
                  | Dispersal to your library.
   346 | D:1      | Reached XP level 2. HP: 19/19 MP: 7/7
   521 | D:1      | Reached skill level 5 in Spellcasting
   521 | D:1      | Reached XP level 3. HP: 24/25 MP: 9/9
   552 | D:1      | Found a faded altar of an unknown god.
   557 | D:1      | Got Plato's Discourse on the Crypt
   790 | D:1      | You pick up a book of Armaments and begin reading...
   790 | D:1      | You add the spells Stone Arrow, Animate Armour and
                  | Lehudib's Crystal Spear to your library.
   928 | D:1      | Reached skill level 1 in Invocations
  1352 | D:2      | Reached skill level 1 in Fighting
  1352 | D:2      | Reached skill level 1 in Short Blades
  1352 | D:2      | Reached skill level 1 in Long Blades
  1352 | D:2      | Reached skill level 1 in Axes
  1352 | D:2      | Reached skill level 1 in Maces & Flails
  1352 | D:2      | Reached skill level 1 in Polearms
  1352 | D:2      | Reached skill level 1 in Staves
  1352 | D:2      | Reached skill level 1 in Ranged Weapons
  1352 | D:2      | Reached skill level 1 in Throwing
  1352 | D:2      | Reached skill level 1 in Armour
  1352 | D:2      | Reached skill level 1 in Shields
  1352 | D:2      | Reached skill level 1 in Unarmed Combat
  1352 | D:2      | Reached skill level 1 in Evocations
  1454 | D:2      | Reached XP level 4. HP: 32/32 MP: 11/11
  1531 | D:2      | Learned a level 4 spell: Animate Dead
  1871 | D:3      | Noticed Robin
  1874 | D:3      | Reached skill level 1 in Conjurations
  1874 | D:3      | Reached skill level 1 in Hexes
  1874 | D:3      | Reached skill level 1 in Summonings
  1874 | D:3      | Reached skill level 1 in Translocations
  1874 | D:3      | Reached skill level 1 in Transmutations
  1874 | D:3      | Reached skill level 1 in Fire Magic
  1874 | D:3      | Reached skill level 1 in Ice Magic
  1874 | D:3      | Reached skill level 1 in Air Magic
  1874 | D:3      | Reached skill level 1 in Earth Magic
  1874 | D:3      | Reached skill level 1 in Poison Magic
  1881 | D:3      | Killed Robin
  2138 | D:3      | Reached XP level 5. HP: 27/37 MP: 12/12
  2154 | D:3      | Gained mutation: You are agile. (Dex +4, Str/Int -1)
                  | [potion of mutation]
  2154 | D:3      | Gained mutation: Armour fits poorly on your strangely
                  | shaped body. [potion of mutation]
  2154 | D:3      | Gained mutation: Your mind is acute. (Int +4, Str/Dex -1)
                  | [potion of mutation]
  2692 | D:3      | Noticed Natasha
  2698 | D:3      | Killed Natasha
  2762 | D:3      | Noticed Natasha
  2766 | D:3      | Killed Natasha
  2767 | D:3      | Reached skill level 2 in Invocations
  2767 | D:3      | Reached XP level 6. HP: 33/44 MP: 13/13
  2925 | D:3      | Noticed Natasha
  2931 | D:3      | Killed Natasha
  3013 | D:4      | Noticed Eustachio
  3028 | D:4      | Killed Eustachio
  3029 | D:4      | Reached skill level 2 in Fighting
  3029 | D:4      | Reached skill level 2 in Short Blades
  3029 | D:4      | Reached skill level 2 in Long Blades
  3029 | D:4      | Reached skill level 2 in Axes
  3029 | D:4      | Reached skill level 2 in Maces & Flails
  3029 | D:4      | Reached skill level 2 in Polearms
  3029 | D:4      | Reached skill level 2 in Staves
  3029 | D:4      | Reached skill level 2 in Ranged Weapons
  3029 | D:4      | Reached skill level 2 in Throwing
  3029 | D:4      | Reached skill level 2 in Armour
  3029 | D:4      | Reached skill level 5 in Dodging
  3029 | D:4      | Reached skill level 2 in Shields
  3029 | D:4      | Reached skill level 2 in Unarmed Combat
  3029 | D:4      | Reached skill level 2 in Evocations
  3293 | D:4      | Found a radiant altar of Vehumet.
  3301 | D:4      | Reached XP level 7. HP: 35/51 MP: 15/15
  3564 | D:4      | Reached skill level 2 in Conjurations
  3564 | D:4      | Reached skill level 2 in Hexes
  3564 | D:4      | Reached skill level 2 in Summonings
  3564 | D:4      | Reached skill level 2 in Translocations
  3564 | D:4      | Reached skill level 2 in Transmutations
  3564 | D:4      | Reached skill level 2 in Fire Magic
  3564 | D:4      | Reached skill level 2 in Ice Magic
  3564 | D:4      | Reached skill level 2 in Air Magic
  3564 | D:4      | Reached skill level 2 in Earth Magic
  3564 | D:4      | Reached skill level 2 in Poison Magic
  4276 | D:5      | Entered Level 5 of the Dungeon
  4294 | D:5      | Reached skill level 5 in Stealth
  4335 | D:5      | HP: 10/51 [white imp/puff of frost (10)]
  4465 | D:5      | Noticed Grinder
  4468 | D:5      | Paralysed by Grinder for 2 turns
  4474 | D:5      | Killed Grinder
  4475 | D:5      | Reached skill level 3 in Invocations
  4495 | D:5      | Reached skill level 3 in Fighting
  4495 | D:5      | Reached skill level 3 in Short Blades
  4495 | D:5      | Reached skill level 3 in Long Blades
  4495 | D:5      | Reached skill level 3 in Axes
  4495 | D:5      | Reached skill level 3 in Maces & Flails
  4495 | D:5      | Reached skill level 3 in Polearms
  4495 | D:5      | Reached skill level 3 in Staves
  4495 | D:5      | Reached skill level 3 in Ranged Weapons
  4495 | D:5      | Reached skill level 3 in Throwing
  4495 | D:5      | Reached skill level 3 in Armour
  4495 | D:5      | Reached skill level 3 in Shields
  4495 | D:5      | Reached skill level 3 in Unarmed Combat
  4495 | D:5      | Reached skill level 3 in Evocations
  4495 | D:5      | Reached XP level 8. HP: 39/58 MP: 16/16
  4584 | D:5      | Found a glowing golden altar of the Shining One.
  4673 | D:5      | Found a transporter.
  4692 | D:5      | Noticed zeratav's ghost (novice OpVM)
  4888 | D:5      | Found a transporter.
  4955 | D:5      | Found a shadowy altar of Dithmenos.
  5142 | D:5      | HP: 14/58 [gnoll/+0 flail (8)]
  5143 | D:5      | HP: 3/58 [gnoll/+0 flail (12)]
  5143 | D:5      | HP: 1/58 [gnoll/+0 spear of venom (2)]
  5143 | D:5      | Mangled by a gnoll sergeant

Vanquished Creatures
  Grinder (D:5)
  Eustachio (D:4)
  A phantom (D:4)
  A bullfrog (D:4)
  2 hounds
  2 orc priests (D:3)
  A jelly (D:5)
  An orc wizard (D:5)
  Natasha (thrice) (D:3)
  An iguana (D:5)
  Robin (D:3)
  2 adders
  A white imp (D:5)
  An ufetubus (D:5)
  A worm (D:3)
  4 dart slugs
  5 orcs
  13 ball pythons
  5 endoplasms
  3 giant cockroaches
  13 goblins
  10 hobgoblins
  7 jackals
  5 quokkas
  7 bats
  3 frilled lizards
  5 kobolds
  3 rats
103 creatures vanquished.

Vanquished Creatures (collateral kills)
  An orc (D:3)
  A bat (D:1)
  An endoplasm (D:1)
  2 kobolds (D:4)
  A quokka (D:3)
  A ball python (D:1)
  A rat (D:1)
8 creatures vanquished.

Vanquished Creatures (others)
  6 plants (D:5)
6 creatures vanquished.

Grand Total: 117 creatures vanquished

Table legend:
 A = Non-vault XP
 B = Vault XP
 C = Vault XP percentage of total XP
 D = Non-vault monster count
 E = Vault monster count
 F = Vault count percentage of total count
                 A         B        C        D         E       F
            +---------+---------+-------+---------+---------+-------
      Total |     727 |     542 |  42.7 |      90 |      21 |  18.9
            +---------+---------+-------+---------+---------+-------
        D:1 |      41 |      13 |  24.1 |      22 |       7 |  24.1
        D:2 |      47 |       0 |   0.0 |      20 |       0 |   0.0
        D:3 |     193 |      67 |  25.8 |      23 |      11 |  32.4
        D:4 |     259 |     204 |  44.1 |      15 |       2 |  11.8
        D:5 |     187 |     258 |  58.0 |      10 |       1 |   9.1
            +---------+---------+-------+---------+---------+-------

Illustrated notes

Table legend:
 A = Kills in this place as a percentage of kills in entire the game.
 B = Kills by you in this place as a percentage of kills by you in the entire game.
 C = Kills by friends in this place as a percentage of kills by friends in the entire game.
 D = Other kills in this place as a percentage of other kills in the entire game.
 E = Experience gained in this place as a percentage of experience gained in the entire game.
 F = Experience gained in this place divided by the number of levels of this place that you have seen.
                   A       B       C       D       E      F
               +-------+-------+-------+-------+-------+----------------------
         Total | 100.0 | 100.0 | 100.0 |   N/A | 100.0 | 253.8
       Dungeon | 100.0 | 100.0 | 100.0 |   N/A | 100.0 | 253.8
               +-------+-------+-------+-------+-------+----------------------

Table legend: (Time is in decaauts)
 A = Elapsed time spent in this place.
 B = Non-inter-level travel time spent in this place.
 C = Inter-level travel time spent in this place.
 D = Time resting spent in this place.
 E = Time spent auto-exploring this place.
 F = Levels seen in this place.
 G = Mean time per level.
                   A        B        C        D        E       F      G
               +--------+--------+--------+--------+--------+-----+--------+
         Total |   5154 |   4911 |    243 |     90 |   4201 |   5 | 1030.8 |
       Dungeon |   5154 |   4911 |    243 |     90 |   4201 |   5 | 1030.8 |
               +--------+--------+--------+--------+--------+-----+--------+

Top non-repeatable levels by time:
     D:4: 1268 daAuts
     D:3: 1174 daAuts
     D:1: 1139 daAuts
     D:5: 874 daAuts
     D:2: 696 daAuts
